 Dungeon Crawl Stone Soup version 0.32-a0-25-g86f1af2 (webtiles) character file.

Game seed: 14079938080255323091

18 Dorkslayer the Ruffian (level 2, -6/18 HPs)
             Began as an Octopode Shapeshifter on Jan 18, 2024.
             Mangled by a gnoll
             ... wielding a +0 spear
              (7 damage)
             ... on level 1 of the Dungeon.
             The game lasted 00:02:38 (625 turns).

Dorkslayer the Ruffian (Octopode Shapeshifter)       Turns: 625, Time: 00:02:38

Health: -6/18      AC:  1    Str: 13    XL:     2   Next: 66%
Magic:  2/2        EV: 13    Int: 12    God:
Gold:   38         SH:  0    Dex: 11    Spells: 1/1 levels left

rFire   . .          .
                       - Unarmed
rCold   + . .        (no shield)
rNeg    . . .        (helmet currently unavailable)
rPois   .            (no amulet)
rElec   .            j - ring of protection from cold
rCorr   .            (no ring)
SInv    .            (no ring)
Will    .....        (no ring)
Stlth   ++           (no ring)
HPRegen 0.23/turn    (no ring)
MPRegen 0.08/turn    (no ring)
                     (no ring)

%: no passive effects
@: beast-form
A: beast (slay +1), almost no armour, amphibious, 8 rings, camouflage 1,
gelatinous body 1, (nimble swimmer 1), tentacles
a: Begin Untransformation


You were on level 1 of the Dungeon.
You were a hulking beast.
You visited 1 branch of the dungeon, and saw 1 of its levels.

You collected 38 gold pieces.

Inventory:

Jewellery
 j - a ring of protection from cold (left tentacle)
Talismans
 b - a beast talisman
 c - a flux talisman
Scrolls
 e - a scroll of enchant armour {unknown}
 i - a scroll of revelation {unknown}
 k - a scroll of brand weapon {unknown}
Potions
 a - a potion of lignification
 d - 2 potions of curing {unknown}
 f - 2 potions of heal wounds {unknown}
 g - a potion of might {unknown}
 h - a potion of mutation {unknown}


   Skills:
 + Level 1.1 Fighting
 + Level 2.0 Dodging
 * Level 3.6 Unarmed Combat
 + Level 3.2 Shapeshifting


You had one spell level left.
You didn't know any spells.
Your spell library was empty.

Dungeon Overview and Level Annotations

Branches:
Dungeon (1/15)

Altars:


Innate Abilities, Weirdness & Mutations

You are a hulking beast.
Your limbs bulge with bestial killing power. (Slay +1)
You cannot wear most types of armour.
You are amphibious.
You can wear up to eight rings at the same time.
Your skin changes colour to match your surroundings (Stealth+).
Your rubbery body absorbs attacks. (AC +1, EV +1)
((You are camouflaged when in or above water. (Stealth+)))
You have tentacles for arms and can constrict up to eight enemies at once.


Message History

Found 6 stones.
You see here a giant cockroach corpse.
i - a scroll labelled WIRERR DIABO You see here a giant cockroach corpse.
j - a ring of protection from cold
j - a ring of protection from cold (left tentacle)
k - a scroll labelled NOOFIH SOKENE
Found a stone staircase leading down.
A ball python comes into view.
The ball python hisses angrily.
The ball python bites you. The ball python closely misses you.
You tentacle-slap the ball python.
You kill the ball python!
You see here 4 poisoned darts.
A frilled lizard comes into view.
The helpless frilled lizard fails to defend itself.
You tentacle-slap the frilled lizard. You grab the frilled lizard.
The frilled lizard is heavily wounded.
You constrict the frilled lizard.
You kill the frilled lizard!
A gnoll comes into view. It is wielding a +0 spear.
The gnoll shouts!
You hear a shout!
A hobgoblin comes into view.
The hobgoblin hits the plant.
The plant begins to die.
The hobgoblin shouts!
The gnoll hits you with a +0 spear!
Ouch! That really hurt!
You tentacle-slap the gnoll but do no damage.
Your grab misses the gnoll. The gnoll closely misses you.
You tentacle-slap the gnoll. Your grab misses the gnoll.
The gnoll is lightly wounded.
The gnoll hits you with a +0 spear!
Ouch! That really hurt!
* * * LOW HITPOINT WARNING * * *
You tentacle-slap the gnoll but do no damage.
You grab the gnoll.
The gnoll is lightly wounded.
You constrict the gnoll, but do no damage.
A nearby plant withers and dies.
The gnoll hits you with a +0 spear!
You die...

#########.#
#.##.. # #.#
#..... # #.#
#..... # #.#
#..... # #.#
##########
+..[.. # #.#
#........#
#..... # #.#
#........#
#..... #
#.####........##
#....# #
#.......h.......
####.# #
####.#..PgPPPg..
#.#
#.#..P...PP..
#.#
#.#.P..P.P...
#.#
#.#.......P..
#.#
#...P....PP.#
#.#
##..PPP..PP.#
#.# ##..PPPPP..#
#.# #.#


You could see a gnoll and a hobgoblin.

Vanquished Creatures
  A dart slug (D:1)
  A ball python (D:1)
  2 endoplasms (D:1)
  A giant cockroach (D:1)
  2 hobgoblins (D:1)
  2 jackals (D:1)
  A bat (D:1)
  3 frilled lizards (D:1)
  2 rats (D:1)
15 creatures vanquished.

Notes
Turn   | Place    | Note
-------+----------+-------------------------------------------
     0 | D:1      | Dorkslayer the Octopode Shapeshifter began the quest for
                  | the Orb.
     0 | D:1      | Reached XP level 1. HP: 13/13 MP: 1/1
    18 | D:1      | Found a faded altar of an unknown god.
   326 | D:1      | Reached XP level 2. HP: 18/18 MP: 2/2
   625 | D:1      | Mangled by a gnoll

Illustrated notes

Levels and vault maps discovered:
D:1:      saegor_arrival_simple_b, layout_basic, ebering_ecumenical_altar_box,
          nicolae_grassy_gnolls

Action                     || total
---------------------------++-------
  Melee: Unarmed           ||    31
         Constrict         ||     6
         Tentacles         ||     2
   Stab: Sleeping          ||     3
 Armour: Skin              ||    10
  Dodge: Dodged            ||    13

Table legend: (Time is in decaauts)
 A = Elapsed time spent in this place.
 B = Non-inter-level travel time spent in this place.
 C = Inter-level travel time spent in this place.
 D = Time resting spent in this place.
 E = Time spent auto-exploring this place.
 F = Levels seen in this place.
 G = Mean time per level.
                   A        B        C        D        E       F      G
               +--------+--------+--------+--------+--------+-----+--------+
         Total |    622 |    622 |      0 |      0 |    383 |   1 |  622.0 |
       Dungeon |    622 |    622 |      0 |      0 |    383 |   1 |  622.0 |
               +--------+--------+--------+--------+--------+-----+--------+

Top non-repeatable levels by time:
     D:1: 622 daAuts
